 Dungeon Sprint DCSS version 0.30-a0-879-ga8ba668304 (webtiles) character file.

Game seed: 11585860394991836261

138 PLAYERX the Spear-Bearer (level 5, -5/52 HPs)
             Began as a Minotaur Monk on Mar 13, 2023.
             Was a Believer of Makhleb.
             Slain by a two-headed ogre
             ... wielding a +0 giant spiked club
              (12 damage)
             ... in the Dungeon (Sprint IX: "|||||||||||||||||||||||||||||").
             The game lasted 00:04:26 (246 turns).

PLAYERX the Spear-Bearer (Minotaur Monk)             Turns: 246, Time: 00:04:29

Health: -5/52      AC:  9    Str: 21    XL:     5   Next: 1%
Magic:  4/4        EV: 14    Int:  7    God:    Makhleb [**....]
Gold:   0          SH:  0    Dex: 12    Spells: 4/4 levels left

rFire   . . .      SeeInvis .    a - +4 quarterstaff (speed)
rCold   . . .      Faith    .    (shield currently unavailable)
rNeg    . . .      Spirit   .    b - +1 scale mail
rPois   .          Reflect  .    (helmet restricted)
rElec   .          Rampage  .    (no cloak)
rCorr   .          NoTele   +    m - +0 pair of gloves
Will    .....                    l - +0 pair of boots
Stlth   +                        (no amulet)
HPRegen 0.28/turn                n - +2 ring of evasion
MPRegen 0.09/turn                o - +3 ring of strength

@: no status effects
A: horns 2, retaliatory headbutt
a: Renounce Religion, Minor Destruction


You were in the Dungeon.
You worshipped Makhleb.
Makhleb was pleased with you.
You visited 1 branch

Inventory:

Hand Weapons
 a - a +4 quarterstaff of speed (weapon)
Armour
 b - a +1 scale mail (worn)
 l - a +0 pair of boots (worn)
 m - a +0 pair of gloves (worn)
Jewellery
 n - a +2 ring of evasion (left hand)
 o - a +3 ring of strength (right hand)
Wands
 k - a wand of roots (10)
Scrolls
 i - 2 scrolls of blinking
 j - 2 scrolls of amnesia
Potions
 c - a potion of ambrosia
 d - 5 potions of curing
 e - 2 potions of heal wounds
 f - a potion of haste
 g - 4 potions of magic
 h - a potion of invisibility


   Skills:
 + Level 7.6 Fighting
 - Level 8.2 Polearms
 + Level 0.0(5.0) Staves
 + Level 6.6 Dodging
 - Level 2.2 Stealth


You had 4 spell levels left.
You didn't know any spells.
Your spell library was empty.

Dungeon Overview and Level Annotations

Branches:
Dungeon (1/1)

Altars:
Cheibriados
Dithmenos
Elyvilon
Fedhas
Gozag
Hepliaklqana
Kikubaaqudgha
Makhleb
Nemelex Xobeh
Okawaru
Qazlal
Ru
Sif Muna
Trog
Uskayaw
Vehumet
Wu Jian
Xom
Yredelemnul
Zin
The Shining One
Jiyva
Lugonu


Innate Abilities, Weirdness & Mutations

You have a pair of horns on your head.
You reflexively headbutt those who attack you in melee.


Message History

You start putting on your armour.
You continue putting on your +1 scale mail. x4
You finish putting on your +1 scale mail.
n - a +2 ring of evasion
o - a +3 ring of strength
n - a +2 ring of evasion (left hand)
You feel stronger.
o - a +3 ring of strength (right hand)
You open the door.
An orc warrior, a yak, a troll, a vampire, a centaur and a two-headed ogre come into view.
The yak bellows!
The troll shouts!
The centaur shouts!
The two-headed ogre shouts in stereo!
You hit the two-headed ogre.
Your headbutt misses the two-headed ogre.
The two-headed ogre is lightly wounded.
You barely miss the two-headed ogre.
The two-headed ogre is lightly wounded.
The two-headed ogre barely misses you.
The two-headed ogre hits you with a +0 giant club.
You hit the two-headed ogre.
The two-headed ogre is lightly wounded.
You hit the two-headed ogre.
You headbutt the two-headed ogre, but do no damage.
The two-headed ogre is lightly wounded.
The two-headed ogre closely misses you.
The two-headed ogre hits you with a +0 giant club!
You hit the two-headed ogre but do no damage.
The two-headed ogre is lightly wounded.
You hit the two-headed ogre. You headbutt the two-headed ogre!
The two-headed ogre is heavily wounded.
The two-headed ogre closely misses you. The two-headed ogre misses you.
You sock the two-headed ogre!
The two-headed ogre is severely wounded.
You hit the two-headed ogre. You headbutt the two-headed ogre!
The two-headed ogre is almost dead.
The two-headed ogre hits you with a +0 giant spiked club!!
Ouch! That really hurt!
* * * LOW HITPOINT WARNING * * *
The two-headed ogre hits you with a +0 giant club!
You die... ▓▓▓▓▓▓▓▓▓▓▓▓▓▓▓▓▓▓▓▓▓▓▓▓ .oYTVcO@.[...)..'_______ ▓▓▓▓▓▓▓▓▓▓▓▓▓▓▓▓▓▓▓▓▓▓▓▓

You could see a two-headed ogre, a yak, a troll, a vampire, an orc warrior and a centaur.

Vanquished Creatures
  A scorpion (D)
  A hound (D)
  A jelly (D)
  An adder (D)
  A white imp (D)
  An endoplasm (D)
  A goblin (D)
  A quokka (D)
  2 rats (D)
10 creatures vanquished.

Notes
Turn   | Place    | Note
-------+----------+-------------------------------------------
     0 | D        | PLAYERX the Minotaur Monk began the quest for the Orb.
     0 | D        | Reached XP level 1. HP: 19/19 MP: 0/0
    15 | D        | Reached skill level 4 in Polearms
    40 | D        | Noticed a jelly
    40 | D        | Noticed a scorpion
    40 | D        | Noticed a hound
    46 | D        | Killed a hound
    47 | D        | Reached skill level 5 in Fighting
    47 | D        | Reached skill level 5 in Polearms
    47 | D        | Reached XP level 2. HP: 30/30 MP: 1/1
    47 | D        | Reached XP level 3. HP: 37/37 MP: 2/2
    53 | D        | Killed a scorpion
    54 | D        | Reached skill level 7 in Polearms
    54 | D        | Reached XP level 4. HP: 39/45 MP: 3/3
    58 | D        | Reached skill level 8 in Polearms
    59 | D        | Reached XP level 5. HP: 41/52 MP: 4/4
   138 | D        | Found a snail-covered altar of Cheibriados.
   138 | D        | Found a shadowy altar of Dithmenos.
   138 | D        | Found a white marble altar of Elyvilon.
   138 | D        | Found a blossoming altar of Fedhas.
   138 | D        | Found an opulent altar of Gozag.
   139 | D        | Found a hazy altar of Hepliaklqana.
   140 | D        | Found a viscous altar of Jiyva.
   141 | D        | Found an ancient bone altar of Kikubaaqudgha.
   142 | D        | Found a corrupted altar of Lugonu.
   143 | D        | Found a burning altar of Makhleb.
   144 | D        | Found a sparkling altar of Nemelex Xobeh.
   145 | D        | Found an iron altar of Okawaru.
   146 | D        | Found a stormy altar of Qazlal.
   147 | D        | Found a sacrificial altar of Ru.
   148 | D        | Found a shimmering blue altar of Sif Muna.
   149 | D        | Found a bloodstained altar of Trog.
   150 | D        | Found a hide-covered altar of Uskayaw.
   151 | D        | Found a radiant altar of Vehumet.
   152 | D        | Found an ornate altar of the Wu Jian Council.
   153 | D        | Found a shimmering altar of Xom.
   154 | D        | Found a basalt altar of Yredelemnul.
   155 | D        | Found a glowing silver altar of Zin.
   156 | D        | Found a glowing golden altar of the Shining One.
   179 | D        | Became a worshipper of Makhleb the Destroyer
   179 | D        | Reached * piety under Makhleb
   179 | D        | Reached ** piety under Makhleb
   238 | D        | Noticed an orc warrior
   238 | D        | Noticed a yak
   238 | D        | Noticed a troll
   238 | D        | Noticed a vampire
   238 | D        | Noticed a centaur
   238 | D        | Noticed a two-headed ogre
   246 | D        | Slain by a two-headed ogre

Illustrated notes

Levels and vault maps discovered:
D:        linesprint [early_d, line_temple, items_1, d_10, items_2, lair_1,
          lair_end, items_3, orc_1, orc_end, items_4, d_15, swamp_1, shoals_1,
          snake_1, spider_1, d_20, vaults_1, items_5, swamp_end, shoals_end,
          snake_end, spider_end, vaults_end, d_27, items_6, zot_1, zot_end,
          crypt_end, forest_end, elf_end, slime_end, tomb_end, abyss_end,
          pan_hell_end]

Skill      XL: |  1  2  3  4 |
---------------+-------------+-----
Fighting       | 5 6 7 |  7.6
Polearms       | 5 7 8 |  8.2
Dodging        | 4 6 |  6.6
Stealth        | 2 |  2.2

Action                     |  1- 3 |  4- 6 || total
---------------------------+-------+-------++-------
  Melee: Spear             |    31 |     5 ||    36
         Punch             |     2 |       ||     2
         Headbutt          |     1 |     4 ||     5
         Quarterstaff      |       |     8 ||     8
    Use: Potion            |     2 |       ||     2
 Armour: Robe              |     1 |       ||     1
  Dodge: Dodged            |    12 |     6 ||    18

Table legend: (Time is in decaauts)
 A = Elapsed time spent in this place.
 B = Non-inter-level travel time spent in this place.
 C = Inter-level travel time spent in this place.
 D = Time resting spent in this place.
 E = Time spent auto-exploring this place.
 F = Levels seen in this place.
 G = Mean time per level.
                   A        B        C        D        E       F      G
               +--------+--------+--------+--------+--------+-----+--------+
         Total |    247 |    247 |      0 |     93 |      0 |   1 |  247.0 |
       Dungeon |    247 |    247 |      0 |     93 |      0 |   1 |  247.0 |
               +--------+--------+--------+--------+--------+-----+--------+

Top non-repeatable levels by time:
       D: 247 daAuts
